 Dungeon Crawl Stone Soup version 0.30.1-9-gdf580d7c3d (webtiles) character file.

Game seed: 16976503460315879948

1713465 LordWeiramon the Slayer (level 27, 249/249 HPs)
             Began as a Demonspawn Gladiator on Oct 10, 2023.
             Was a High Priest of Ashenzari.
             Escaped with the Orb
             ... and 3 runes on Oct 11, 2023!
             The game lasted 05:58:26 (68634 turns).

LordWeiramon the Slayer (Demonspawn Gladiator)     Turns: 68634, Time: 05:58:27

Health: 249/249    AC: 39    Str: 29    XL:     27
Magic:  23/23      EV: 15    Int: 11    God:    Ashenzari [*****.]
Gold:   3134       SH: 26    Dex: 21    Spells: 26/26 levels left

rFire   + +          .
                       - Unarmed
rCold   + . .        f - +2 tower shield of Ashenzari's Loss {Evo, Melee} (curse)
rNeg    + + +        m - +9 gold dragon scales "Astrological Idealism" {rPois rF+ rC+, Range, Fort} (curse)
rPois   +            z - +0 helmet "Mantic Doubts" {Elem, Comp} (curse)
rElec   +            (cloak unavailable)
rCorr   +            (gloves unavailable)
SInv    +            (boots unavailable)
Will    ++++.        r - amulet of the Ensconced Seer {Regen+ Int-2 Dex+8, Evo, Self} (curse) Stlth
                     p - ring of the Enlightened Omen {+Blink rElec Will++ AC+4, Comp, Melee} (curse)
HPRegen 1.41/turn    a - ring "Share My Oracle" {rElec rF+ rN+++ rCorr Int-2, Melee, Self} (curse)
MPRegen 0.18/turn

%: clarity
@: studying 4 skills
A: claws 3, hooves 3, demonic guardian 3, demonic magic 3, corrupting presence
2, word of chaos, weakness stinger 3, clever 1, strong 1, inability to read
after injury 1
0: Orb of Zot
}: 3/15 runes: decaying, serpentine, silver
a: Word of Chaos, Renounce Religion, Evoke Blink, Curse Item, Shatter the Chains


You escaped.
You worshipped Ashenzari.
Ashenzari was extremely pleased with you.
You visited 10 branches of the dungeon, and saw 48 of its levels.
You visited the Abyss 2 times.
You visited 1 bazaar.
You also visited: Trove, Ice Cave and Wizlab.

You collected 8066 gold pieces.
You spent 4932 gold pieces at shops.

Inventory:

Missiles
 d - 5 throwing nets
 e - 37 curare-tipped darts (quivered)
Armour
 f - the cursed +2 tower shield of Ashenzari's Loss (worn) {Evo, Melee}
   (You took it off Louise on level 1 of the Snake Pit)

   It has a curse which improves the following skills: Evocations: Evocations.
   Melee Combat: Short Blades, Long Blades, Axes, Maces & Flails, Polearms,
   Staves and Unarmed Combat.
 m - the cursed +9 gold dragon scales "Astrological Idealism" (worn) {rPois rF+ rC+, Range, Fort}
   (You bought it in a shop on level 3 of the Snake Pit)

   rF:        It protects you from fire.
   rC:        It protects you from cold.
   rPois:     It protects you from poison.
   It has a curse which improves the following skills: Ranged Combat: Ranged
   Weapons and Throwing.
   Fortitude: Armour and Shields.
 z - the cursed +0 helmet "Mantic Doubts" (worn) {Elem, Comp}

   It has a curse which improves the following skills: Elements: Fire Magic, Ice
   Magic, Air Magic and Earth Magic.
   Companions: Summonings and Necromancy.
Jewellery
 a - the cursed ring "Share My Oracle" (right claw) {rElec rF+ rN+++ rCorr Int-2, Melee, Self}
   (You bought it in a shop on level 1 of the Depths)

   [ring of protection from fire]

   Int:       It affects your intelligence (-2).
   rF:        It protects you from fire.
   rElec:     It insulates you from electricity.
   rN:        It renders you almost immune to negative energy.
   rCorr:     It protects you from acid and corrosion.
   It has a curse which improves the following skills: Melee Combat: Short
   Blades, Long Blades, Axes, Maces & Flails, Polearms, Staves and Unarmed
   Combat.
   Introspection: Fighting and Spellcasting.
 p - the cursed ring of the Enlightened Omen (left claw) {+Blink rElec Will++ AC+4, Comp, Melee}
   (You bought it in a shop on level 1 of the Depths)

   [ring of protection]

   AC:        It affects your AC (+4).
   rElec:     It insulates you from electricity.
   +Blink:    It lets you blink.
   Will:      It greatly increases your willpower.
   It has a curse which improves the following skills: Companions: Summonings
   and Necromancy.
   Melee Combat: Short Blades, Long Blades, Axes, Maces & Flails, Polearms,
   Staves and Unarmed Combat.
 r - the cursed amulet of the Ensconced Seer (around neck) {Regen+ Int-2 Dex+8, Evo, Self}
   (You found it on level 15 of the Dungeon)

   [amulet of regeneration]

   Int:       It affects your intelligence (-2).
   Dex:       It affects your dexterity (+8).
   Regen:     It increases your rate of health regeneration.
   It has a curse which improves the following skills: Evocations: Evocations.
   Introspection: Fighting and Spellcasting.
Wands
 c - a wand of polymorph (26)
 v - a wand of roots (80)
 I - a wand of acid (28)
 R - a wand of paralysis (30)
 S - a wand of digging (19)
 W - a wand of mindburst (35)
 Y - a wand of flame (65)
Scrolls
 g - 9 scrolls of teleportation
 i - 11 scrolls of poison
 k - 2 scrolls of blinking
 s - 5 scrolls of butterflies
 u - 6 scrolls of magic mapping
 A - 12 scrolls of fog
 F - 6 scrolls of fear
 M - 2 scrolls of silence
Potions
 h - 6 potions of might
 n - 28 potions of curing
 o - 5 potions of mutation
 q - 10 potions of attraction
 D - 7 potions of flight
 G - 6 potions of ambrosia
 H - 3 potions of heal wounds
 K - 3 potions of cancellation
 L - 4 potions of berserk rage
 N - 3 potions of haste
 V - 8 potions of magic
 X - 3 potions of invisibility
Miscellaneous
 j - a lightning rod (4/4)
 t - a condenser vane
 x - a box of beasts
 E - a phantom mirror
 U - a phial of floods


   Skills:
 - Level 24.3(27) Fighting
 - Level 5.5(9.5) Polearms
 - Level 1.7(3.3) Throwing
 + Level 21.3(23.1) Armour
 - Level 15.0 Dodging
 - Level 19.0(20.9) Shields
 - Level 24.1(27) Unarmed Combat
 - Level 6.1(9.2) Evocations


You had 26 spell levels left.
You didn't know any spells.
Your spell library contained the following spells:

 Spells                   Type           Power      Damage    Failure   Level
 Foxfire                  Conj/Fire      0%         2x1d4     98%         1
 Necrotise                Necr           4%         1d4       98%         1
 Sandblast                Erth           0%         2d4       98%         1
 Shock                    Conj/Air       0%         1d3       98%         1
 Summon Small Mammal      Summ           4%         N/A       98%         1
 Apportation              Tloc           0%         N/A       99%         1
 Beastly Appendage        Tmut           0%         N/A       99%         1
 Magic Dart               Conj           0%         1d3       99%         1
 Sting                    Tmut/Pois      0%         1d3       99%         1
 Blink                    Tloc           0%         N/A       99%         2
 Call Imp                 Summ           2%         N/A       99%         2
 Lesser Beckoning         Tloc           0%         N/A       99%         2
 Momentum Strike          Conj/Tloc      0%         3d8       99%         2
 Passwall                 Tmut/Erth      0%         N/A       99%         2
 Poisonous Vapours        Pois/Air       0%         N/A       99%         2
 Static Discharge         Conj/Air       0%         2-2/arc   99%         2
 Sublimation of Blood     Necr           1%         N/A       99%         2
 Wereblood                Tmut           0%         N/A       99%         2
 Call Canine Familiar     Summ           1%         N/A       100%        3
 Dazzling Flash           Conj/Hex       0%         N/A       100%        3
 Gell's Gravitas          Tloc           0%         N/A       100%        3
 Hailstorm                Conj/Ice       0%         3d3       100%        3
 Inner Flame              Hex/Fire       0%         N/A       100%        3
 Mephitic Cloud           Conj/Pois/Air  0%         N/A       100%        3
 Ozocubu's Armour         Ice            0%         N/A       100%        3
 Portal Projectile        Hex/Tloc       0%         N/A       100%        3
 Spider Form              Tmut/Pois      0%         N/A       100%        3
 Stone Arrow              Conj/Erth      0%         3d7       100%        3
 Summon Guardian Golem    Hex/Summ       0%         N/A       100%        3
 Swiftness                Air            0%         N/A       100%        3
 Teleport Other           Tloc           0%         N/A       100%        3
 Tukima's Dance           Hex            0%         N/A       100%        3
 Volatile Blastmotes      Fire/Tloc      0%         2d10      100%        3
 Airstrike                Air            0%         2d(0-16)  100%        4
 Animate Armour           Summ/Erth      0%         N/A       100%        4
 Animate Dead             Necr           1%         N/A       100%        4
 Dispel Undead            Necr           1%         3d6       100%        4
 Ice Form                 Ice/Tmut       0%         N/A       100%        4
 Iskenderun's Mystic Bla  Conj/Tloc      0%         2d3       100%        4
 Leda's Liquefaction      Hex/Erth       0%         N/A       100%        4
 Olgreb's Toxic Radiance  Pois           0%         N/A       100%        4
 Passage of Golubria      Tloc           0%         N/A       100%        4
 Petrify                  Tmut/Erth      0%         N/A       100%        4
 Summon Ice Beast         Ice/Summ       0%         N/A       100%        4
 Summon Lightning Spire   Summ/Air       0%         N/A       100%        4
 Alistair's Intoxication  Tmut/Pois      0%         N/A       100%        5
 Arcjolt                  Conj/Air       0%         1d10      100%        5
 Blade Hands              Tmut           0%         N/A       100%        5
 Borgnjor's Vile Clutch   Necr/Erth      0%         N/A       100%        5
 Irradiate                Conj/Tmut      0%         3d11      100%        5
 Lee's Rapid Deconstruct  Erth           0%         3d4*      100%        5
 Metabolic Englaciation   Hex/Ice        0%         N/A       100%        5
 Summon Forest            Summ/Tloc      0%         N/A       100%        5
 Summon Mana Viper        Hex/Summ       0%         N/A       100%        5
 Yara's Violent Unravell  Hex/Tmut       0%         3d3       100%        5
 Death Channel            Necr           0%         N/A       100%        6
 Iron Shot                Conj/Erth      0%         9d1       100%        6
 Plasma Beam              Fire/Air       0%         2x1d11    100%        6
 Simulacrum               Ice/Necr       0%         N/A       100%        6
 Starburst                Conj/Fire      0%         6d3       100%        6
 Statue Form              Tmut/Erth      0%         N/A       100%        6
 Summon Cactus Giant      Summ           0%         N/A       100%        6
 Dragon Form              Tmut           0%         N/A       100%        7
 Enfeeble                 Hex            0%         N/A       100%        7
 Haunt                    Necr/Summ      0%         N/A       100%        7
 Monstrous Menagerie      Summ           0%         N/A       100%        7
 Orb of Destruction       Conj           0%         9d5       100%        7
 Spellforged Servitor     Conj/Summ      0%         N/A       100%        7
 Discord                  Hex            0%         N/A       100%        8
 Ignition                 Fire           0%         3d3       100%        8
 Lehudib's Crystal Spear  Conj/Erth      0%         10d2      100%        8
 Death's Door             Necr           0%         N/A       100%        9
 Shatter                  Erth           0%         3d5*      100%        9


Dungeon Overview and Level Annotations

Branches:
Dungeon (15/15)            Temple (1/1) D:7            Lair (5/5) D:10
  Swamp (4/4) Lair:2        Snake (4/4) Lair:2        Slime (0/5) Lair:4
    Orc (2/2) D:12            Elf (3/3) Orc:2        Vaults (5/5) D:13
  Crypt (0/3) Vaults:2     Depths (4/4) D:15            Zot (5/5) Depths:4
  IceCv (visited)          WizLab (visited)

Altars:
Ashenzari
Cheibriados
Dithmenos
Fedhas
Gozag
Hepliaklqana
Kikubaaqudgha
Makhleb
Nemelex Xobeh
Okawaru
Qazlal
Ru
Sif Muna
Trog
Uskayaw
Vehumet
Wu Jian
Xom
Yredelemnul

Shops:
Orc:2 *?((   Elf:1 =   Snake:1 [*   Snake:3 [   Vaults:1 (   Vaults:4 [
Depths:1 =:   Depths:2 (

Portals:
Hell: Depths:1 Depths:2 Depths:3 Depths:4
Abyss: Depths:2 Depths:3
Pandemonium: Depths:2 Depths:4
Ziggurat: Depths:2


Innate Abilities, Weirdness & Mutations

You have claws for hands.
You have hooves in place of feet.
A powerful demonic guardian rushes to your aid.
Spells you cast and wands you use may paralyse nearby enemies.
Your presence sometimes corrodes or deforms those you injure.
You can speak a Word of Chaos.
You have a sharp stinger which inflicts weakening toxins.
Your mind is acute. (Int +4, Str/Dex -1)
Your muscles are strong. (Str +4, Int/Dex -1)
You occasionally lose the ability to read scrolls when taking damage.


Message History

Press: ? - help, Dir - move target
As you read the scroll of blinking, it crumbles to dust.
The hellwing moves out of view.
The shadow demon is engulfed in freezing vapours.
You climb upwards.
There is a stone staircase leading down here.
(D) Dungeon (T) Temple (L) Lair (S) Swamp (P) Snake Pit (M) Slime Pits (O) Orcish Mines (E) Elven Halls (V) Vaults (C) Crypt (U) Depths (H) Hell (Z) Zot
Where to? (Enter - D:1 @ (x,y), ? - help)
You see here a +0 club.
There is a stone staircase leading up, spattered with blood here.
You climb upwards.
There is a stone staircase leading down here.
A sixfirhy comes into view.
You block the sixfirhy's attack. The sixfirhy barely misses you.
You block the sixfirhy's attack.
You claw the sixfirhy! You kick the sixfirhy. You tail-slap the sixfirhy.
The sixfirhy looks weaker.
The sixfirhy is heavily wounded.
You block the sixfirhy's attack. x2
You eviscerate the sixfirhy!!!
You kill the sixfirhy!
(D) Dungeon (T) Temple (L) Lair (S) Swamp (P) Snake Pit (M) Slime Pits (O) Orcish Mines (E) Elven Halls (V) Vaults (C) Crypt (U) Depths (H) Hell (Z) Zot
Where to? (Enter - D:1 @ (x,y), ? - help)
There is a stone staircase leading up here.
You climb upwards.
There is a stone staircase leading down, spattered with blood here.
There is a stone staircase leading up here.
You climb upwards.
There is a stone staircase leading down here.
You enter the shallow water.
Moving in this stuff is going to be slow.
An Orb Guardian comes into view.
There is a staircase leading out of the dungeon here.
You have escaped!

#.# ### #...# ####.# ##.#
#.######### ######.##.#
#..####...##########...##).#.#
#.###....~.....~.##~.#.....#.#
#.##..#.....~~≈~.~....######.#
#.##.###...~≈~~.~~.~~...####.#
#...##..~~≈≈≈~.~~≈~≈~..#..##.#
#....#..~≈≈≈~~..X≈≈≈≈~..####.#
#######..≈≈≈~.@.≈≈≈≈≈.##.###.#
###..~~≈~≈~~.≈≈~≈~~.##.##.#
#...~.≈≈~~~.~~~.~~~..#..#.#
#~~~~~...~.≈~≈≈~.....##...#
#.≈~~~....~~≈~~.##....#.#.#
##...~.....≈.....#..#####.#
###.≈..###.###.#.#..####.#
###.##.)## #######...#.##
####### #####...


You could see an Orb Guardian.

Vanquished Creatures
  2 dread liches
  3 ancient liches (Zot:5)
  7 orbs of fire
  Mara (Snake:4)
  2 royal mummies (Depths:3)
  A shard shrike (Depths:3)
  4 curse toes
  8 Killer Klowns
  Xtahua (Depths:3)
  4 caustic shrikes (Depths:4)
  Bai Suzhen (Swamp:4)
  The ghost of Qiokh the Slayer, a veteran MiBe of Trog (Elf:1)
  Vashnia (Snake:4)
  12 golden dragons
  A Hellbinder (WizLab)
  2 bone dragons (Zot:2)
  2 electric golems
  A Tzitzimitl (Depths:1)
  The ghost of theMacoje the Slayer, an adept OgHs of Hepliaklqana (Vaults:2)
  Zenata (Elf:1)
  2 Hell Sentinels
  A lich (Depths:3)
  Rupert (D:12)
  18 tentacled monstrosities
  25 Orb Guardians
  Mlioglotl (Snake:1)
  7 titans
  6 quicksilver dragons
  4 deep elf master archers (Elf:3)
  A deep elf blademaster (Elf:3)
  5 sphinxes
  Frances (Swamp:2)
  13 death cobs
  19 shadow dragons
  15 storm dragons
  4 tentacled starspawn
  The ghost of Razfen the Cruncher, an adept GnWn of Ashenzari (Snake:1)
  Roxanne (Snake:3)
  3 revenants
  11 nagarajas
  7 draconian monks
  A fenstrider witch (Swamp:1)
  5 tengu reavers
  11 vault wardens
  4 draconian knights
  Aizul (Snake:1)
  6 fire giants
  Louise (Snake:1)
  3 draconian scorchers
  6 deep elf sorcerers
  11 frost giants
  2 iron dragons (Depths:3)
  4 deep elf elementalists (Elf:3)
  8 balrugs
  A ghost moth (Zot:3)
  3 cacodemons
  2 orc warlords
  10 draconian shifters
  3 draconian stormcallers
  24 very ugly things
  22 ironbound preservers
  3 spriggan defenders
  15 stone giants
  10 ironbound thunderhulks
  A war gargoyle (Vaults:3)
  2 draconian annihilators (Zot:4)
  4 eleionomae
  Nessos (D:12)
  4 vampire knights
  8 green draconians
  7 deep elf demonologists (Elf:3)
  9 red draconians
  Azrael (Snake:1)
  A demonspawn black sun (WizLab)
  10 yellow draconians
  11 black draconians
  4 bunyips
  12 white draconians
  12 dire elephants
  A lorocyproca (Depths:3)
  8 deep elf annihilators
  An eidolon (Depths:3)
  8 spark wasps
  9 purple draconians
  13 ettins
  A blizzard demon (WizLab)
  8 deep elf death magi
  Snorg (D:14)
  7 fire dragons
  A mummy priest (Depths:3)
  4 green deaths
  6 crystal guardians (Depths:1)
  19 yaktaur captains
  2 entropy weavers
  Fannar (D:12)
  15 deep elf high priests
  8 great orbs of eyes
  2 jiangshi (Depths:1)
  10 hydras
  4 rakshasas
  27 vault guards
  3 salamander tyrants
  A ghost crab (Swamp:2)
  2 catoblepae
  2 ogre magi (Vaults:5)
  11 ice dragons
  3 caustic shrike simulacra (IceCv)
  5 spriggan air magi
  2 peacekeepers
  2 hell beasts
  3 ironbound frosthearts
  12 anacondas
  A two-headed ogre (D:9)
  A death knight (D:10)
  8 boulder beetles
  34 dancing weapons
  15 centaur warriors
  9 naga warriors
  5 deep troll shamans
  2 tengu warriors
  2 death scarabs (Depths:3)
  2 alligators
  2 vampire magi
  7 thrashing horrors
  4 spriggan berserkers
  9 death yaks
  10 hell knights
  An orc high priest (Orc:2)
  17 naga sharpshooters
  3 deep troll earth magi
  6 soul eaters
  28 deep elf knights
  A storm dragon zombie (Vaults:5)
  3 sun demons
  6 shock serpents
  A skyshark (shapeshifter) (Vaults:5)
  9 spriggans
  3 wretched stars
  4 skysharks
  6 salamander mystics
  3 goliath frogs
  7 iron trolls
  3 death drakes
  8 sixfirhies
  A glowing orange brain (Depths:3)
  6 skeletal warriors
  A flayed ghost (Abyss:2)
  A ghost moth zombie (Zot:2)
  50 deep trolls
  A tengu zombie (Vaults:5)
  6 naga ritualists
  A shadow demon (WizLab)
  7 swamp dragons
  Pikel (D:6)
  9 orc knights
  4 obsidian statues
  14 deep elf archers
  13 ironbound convokers
  An orange crystal statue (Depths:1)
  3 lindwurms
  6 necromancers
  5 bog bodies
  7 wizards
  7 phantasmal warriors
  32 deep elf zephyrmancers
  6 harpies (Vaults:1)
  33 deep elf pyromancers
  12 mana vipers
  10 starcursed masses
  A steelbarb worm (Snake:4)
  5 orc sorcerers
  3 manticores
  3 wolf spiders
  A stone giant zombie (Vaults:5)
  22 salamanders
  6 cyclopes
  38 ugly things
  5 will-o-the-wisps
  The ghost of coolio the Chiller, a novice DsIE (D:6)
  A worldbinder (Abyss:1)
  2 rust devils (WizLab)
  An elephant (shapeshifter) (Depths:1)
  8 elephants
  Joseph (D:9)
  19 moths of wrath
  41 black mambas
  A torpor snail (Lair:4)
  2 guardian serpents
  8 naga magi
  6 smoke demons
  19 cane toads
  6 orange demons
  A torpor snail (shapeshifter) (Vaults:4)
  20 vault sentinels
  A gargoyle (D:9)
  3 rime drakes
  2 hellions (Depths:3)
  34 yaktaurs
  2 tormentors
  5 freezing wraiths (IceCv)
  A komodo dragon (shapeshifter) (Vaults:4)
  4 unseen horrors
  2 kobold demonologists
  An efreet (D:15)
  A green draconian zombie (Zot:2)
  7 komodo dragons
  3 tengu conjurers
  2 ancient zymes (Abyss:1)
  5 ice devils
  2 golden dragon simulacra (IceCv)
  5 red devils
  A queen bee (shapeshifter) (Abyss:2)
  4 hellwings
  8 tyrant leeches
  3 meliai (D:13)
  13 hornets
  10 trolls
  A polar bear (Lair:5)
  A tarantella (shapeshifter) (Depths:1)
  6 dream sheep
  6 saltlings (Orc:2)
  10 blink frogs
  A tarantella (Orc:1)
  30 slime creatures
  4 ynoxinuls
  A culicivora (Vaults:1)
  A shadow (Swamp:4)
  11 wyverns
  A jumping spider (shapeshifter) (Vaults:5)
  4 water elementals
  A spriggan (shapeshifter) (D:15)
  An air elemental (Elf:1)
  17 humans (D:13)
  3 basilisks
  35 yaks
  2 neqoxecs (WizLab)
  4 fire bats
  A hog (shapeshifter) (Elf:3)
  6 wraiths
  A golden eye (Abyss:1)
  3 chaos spawn
  4 fire elementals
  A steam dragon (D:7)
  A minotaur simulacrum (IceCv)
  10 vampire mosquitoes
  Menkaure (D:7)
  10 swamp worms
  5 wargs
  2 harpy simulacra (IceCv)
  6 large abominations
  A glowing shapeshifter zombie (Vaults:5)
  42 nagas
  6 redbacks
  2 acid dragons (D:10)
  20 water moccasins
  A hell hound (Snake:1)
  2 hydra simulacra (IceCv)
  9 small abominations
  4 swamp drakes
  30 orc warriors
  2 ice beasts
  5 black bears
  3 ettin simulacra (IceCv)
  13 centaurs
  A boggart (Vaults:2)
  4 wolves (Lair:3)
  A lemure (D:6)
  4 ogres
  2 phantoms
  8 kobold brigands
  14 bullfrogs
  2 gnoll sergeants
  A scorpion (D:6)
  A deep troll simulacrum (IceCv)
  4 earth elementals
  8 wights
  6 killer bees (D:8)
  7 electric eels
  6 howler monkeys
  A crimson imp (Abyss:2)
  20 orc priests
  3 hounds
  A sleepcap (D:6)
  An iron imp (Abyss:1)
  A jelly (D:6)
  7 iguanas
  15 orc wizards
  6 gnolls
  7 adders
  2 shadow imps
  5 white imps
  An ufetubus (D:5)
  2 worms
  3 dart slugs
  74 orcs
  6 ball pythons
  4 endoplasms
  4 giant cockroaches
  11 hobgoblins
  12 jackals
  39 kobolds
  6 quokkas
  7 bats
  3 frilled lizards
  12 goblins
  8 rats
  A lurking horror (Abyss:1)
  A starspawn tentacle (Abyss:1)
2107 creatures vanquished.

Vanquished Creatures (collateral kills)
  A shard shrike (Depths:3)
  An electric golem (Zot:5)
  An Ice Fiend (IceCv)
  An Orb Guardian (Zot:5)
  A death cob (Zot:3)
  A storm dragon (Zot:3)
  A tengu reaver (Vaults:1)
  A fire giant (Depths:3)
  A draconian knight (Zot:3)
  A deep elf elementalist (Elf:3)
  A vault warden (Vaults:4)
  A draconian shifter (Zot:1)
  A draconian annihilator (Zot:1)
  An ironbound thunderhulk (Vaults:2)
  A green draconian (Zot:3)
  3 red draconians
  A dire elephant (Vaults:3)
  A white draconian (Zot:3)
  A yellow draconian (Zot:3)
  A great orb of eyes (Vaults:3)
  An ice dragon (Depths:3)
  A spriggan air mage (Depths:3)
  A death scarab (Depths:3)
  A deep elf knight (Elf:1)
  A naga sharpshooter (Snake:4)
  A spriggan druid (Swamp:2)
  A bog body (Swamp:4)
  3 deep trolls (Vaults:1)
  A deep elf pyromancer (Elf:1)
  A phantasmal warrior (Vaults:1)
  An orc knight (Vaults:2)
  2 salamanders (Snake:2)
  4 ugly things
  A black mamba (Snake:1)
  A yaktaur (Vaults:3)
  2 freezing wraiths
  A fire elemental (Elf:1)
  2 nagas
  A hydra simulacrum (IceCv)
  A black bear (D:4)
  An electric eel (Elf:3)
  2 orcs
53 creatures vanquished.

Vanquished Creatures (others)
  A purple draconian (Zot:4)
  A hell beast (Swamp:4)
  8 foxfires
  A lurking horror (Abyss:1)
  7 starspawn tentacles
18 creatures vanquished.

Grand Total: 2178 creatures vanquished

Notes
Turn   | Place    | Note
-------+----------+-------------------------------------------
     0 | D:1      | LordWeiramon the Demonspawn Gladiator began the quest for
                  | the Orb.
     0 | D:1      | Reached XP level 1. HP: 16/16 MP: 1/1
   277 | D:1      | Gained mutation: Spells you cast may paralyse adjacent
                  | enemies. [demonic ancestry]
   277 | D:1      | Reached XP level 2. HP: 22/22 MP: 2/2
   746 | D:1      | Found a faded altar of an unknown god.
   785 | D:1      | Reached XP level 3. HP: 27/27 MP: 3/3
  1641 | D:2      | Identified the +1 robe of the Lizard {+Inv rF+ Archmagi}
  1881 | D:3      | Gained mutation: A weak demonic guardian rushes to your
                  | aid. [demonic ancestry]
  1881 | D:3      | Reached XP level 4. HP: 33/33 MP: 4/4
  2399 | D:3      | Noticed a gnoll sergeant
  2407 | D:3      | Reached skill level 5 in Polearms
  2411 | D:3      | Killed a gnoll sergeant
  2412 | D:3      | Reached XP level 5. HP: 38/38 MP: 5/5
  2414 | D:3      | Found the +5 woodcutter's axe
  2656 | D:4      | Noticed a black bear
  2660 | D:4      | Killed a black bear
  2661 | D:4      | Discovered your monstrous ancestry.
  2661 | D:4      | Gained mutation: You have large cloven feet. [demonic
                  | ancestry]
  2661 | D:4      | Reached XP level 6. HP: 44/48 MP: 6/6
  2824 | D:4      | Reached skill level 5 in Fighting
  2824 | D:4      | Reached skill level 1 in Armour
  2824 | D:4      | Reached XP level 7. HP: 55/56 MP: 7/7
  3869 | D:5      | Entered Level 5 of the Dungeon
  3911 | D:5      | Reached skill level 5 in Armour
  3938 | D:5      | Noticed a vampire mosquito
  3939 | D:5      | Noticed a vampire mosquito
  4086 | D:5      | Reached skill level 1 in Evocations
  4173 | D:5      | Killed a vampire mosquito
  4173 | D:5      | Killed a vampire mosquito
  4174 | D:5      | Gained mutation: Spells you cast may paralyse nearby
                  | enemies. [demonic ancestry]
  4174 | D:5      | Reached XP level 8. HP: 54/62 MP: 8/8
  4452 | D:5      | Reached skill level 5 in Evocations
  4794 | D:6      | Noticed Pikel
  4813 | D:6      | Killed Pikel
  4814 | D:6      | Reached skill level 5 in Dodging
  4814 | D:6      | Reached XP level 9. HP: 59/69 MP: 9/9
  5028 | D:6      | Found a runed translucent door.
  5028 | D:6      | Found a shimmering altar of Xom.
  5028 | D:6      | Noticed coolio's ghost (novice DsIE)
  5028 | D:6      | Noticed a +1 scimitar of chaos
  5916 | D:7      | Identified the +8 falchion of Malaise {antimagic, rElec rC+
                  | Str+7 Dex-5}
  6040 | D:7      | Found a sacrificial altar of Ru.
  6064 | D:7      | Got the Elucidation of Galvanic Transposition
  6077 | D:7      | Found a staircase to the Ecumenical Temple.
  6099 | Temple   | Entered the Ecumenical Temple
  6205 | Temple   | Became a worshipper of Ashenzari the Shackled
  6479 | D:7      | Noticed Menkaure
  6481 | D:7      | Killed Menkaure
  7136 | D:8      | Reached skill level 10 in Fighting
  7182 | D:8      | Found a shadowy altar of Dithmenos.
  7204 | D:8      | Gained mutation: You have sharp fingernails. [demonic
                  | ancestry]
  7204 | D:8      | Reached XP level 10. HP: 53/85 MP: 10/10
  7650 | D:9      | Reached skill level 1 in Unarmed Combat
  7662 | D:9      | Noticed a gargoyle
  7669 | D:9      | Killed a gargoyle
  7733 | D:9      | Noticed a centaur warrior
  7750 | D:9      | Killed a centaur warrior
  8045 | D:9      | Reached * piety under Ashenzari
  8177 | D:9      | Noticed a two-headed ogre
  8187 | D:9      | Killed a two-headed ogre
  8188 | D:9      | Reached skill level 5 in Unarmed Combat
  8334 | D:9      | Noticed Joseph
  8345 | D:9      | Killed Joseph
  8716 | D:10     | Entered Level 10 of the Dungeon
  8838 | D:9      | Reached ** piety under Ashenzari
  8898 | D:10     | Noticed a skeletal warrior
  8906 | D:10     | Identified the +0 ring mail "Livas" {Will+ rCorr Int+3}
  8980 | D:10     | Noticed a phantasmal warrior
  8980 | D:10     | Noticed a death knight
  9272 | D:10     | Found a staircase to the Lair.
  9387 | D:9      | Gained mutation: You have a small tail. [demonic ancestry]
  9387 | D:9      | Reached XP level 11. HP: 81/90 MP: 11/11
  9557 | Lair:1   | Entered Level 1 of the Lair of Beasts
 10361 | Lair:1   | Reached skill level 10 in Unarmed Combat
 10720 | Lair:1   | Reached *** piety under Ashenzari
 10829 | Lair:2   | Noticed a skyshark
 10841 | Lair:2   | Killed a skyshark
 11451 | Lair:2   | Reached skill level 1 in Shields
 11456 | Lair:2   | Reached **** piety under Ashenzari
 11659 | Lair:2   | Found a staircase to the Snake Pit.
 11759 | Lair:2   | Found a staircase to the Swamp.
 12246 | Lair:3   | Noticed an eight-headed hydra
 12257 | Lair:2   | Gained mutation: You have very sharp fingernails. [demonic
                  | ancestry]
 12257 | Lair:2   | Reached XP level 12. HP: 97/97 MP: 12/12
 12271 | Lair:3   | Noticed Sonja
 12462 | Lair:3   | Killed an eight-headed hydra
 12772 | Lair:3   | Reached skill level 5 in Shields
 13097 | Lair:3   | Sonja changed into Sonja the basilisk
 13097 | Lair:3   | Noticed Sonja
 13115 | Lair:3   | Killed Sonja the basilisk
 13194 | Lair:3   | Noticed a six-headed hydra
 13205 | Lair:3   | Killed a six-headed hydra
 14342 | Lair:4   | Identified the +0 plate armour of the Cooper {-Tele Rampage
                  | rPois Str+2}
 14585 | Lair:4   | Noticed a boulder beetle
 14609 | Lair:4   | Killed a boulder beetle
 14625 | Lair:4   | Identified the +4 whip of the Asp {freeze, rElec rC+ rN+
                  | Will-}
 14882 | Lair:4   | Reached skill level 10 in Dodging
 15157 | Lair:4   | Reached XP level 13. HP: 100/103 MP: 13/13
 15201 | Lair:4   | Found a staircase to the Slime Pits.
 15569 | Lair:5   | Entered Level 5 of the Lair of Beasts
 15601 | Lair:5   | Found the +8 lance "Wyrmbane" {slay drac, rPois rF+ rC+
                  | AC+3}
 16550 | Lair:5   | Identified the +10 long sword "Impslayer" {freeze, rN+
                  | Will- rCorr Stlth+}
 16750 | Lair:5   | Reached skill level 15 in Unarmed Combat
 17335 | Lair:5   | Gained mutation: You have a tail ending in a sharp stinger.
                  | [demonic ancestry]
 17335 | Lair:5   | Reached XP level 14. HP: 110/110 MP: 14/14
 18896 | D:12     | Noticed Fannar
 18916 | D:12     | Killed Fannar
 19222 | D:12     | Found a staircase to the Orcish Mines.
 19265 | D:12     | Noticed Nessos
 19276 | D:12     | Killed Nessos
 19395 | D:12     | Noticed Rupert
 19400 | D:12     | Paralysed by Rupert for 4 turns
 19403 | D:12     | Killed Rupert
 19418 | D:12     | Identified the cursed +0 helmet "Mantic Doubts" {Elem,
                  | Comp}
 19418 | D:12     | Identified the cursed +2 pair of boots "At What Cost
                  | Knowledge?" {Evo, Alch} (You found it on level 1 of the
                  | Lair of Beasts)
 19418 | D:12     | Identified the cursed +2 ring mail of Ashenzari's Repose
                  | {Will+, Fort, Elem} (You took it off Joseph on level 9 of
                  | the Dungeon)
 19630 | D:12     | Reached skill level 10 in Armour
 19639 | D:12     | Identified the +1 halberd "Neoxtosh" {heavy, Str+3}
 19689 | D:12     | Identified a scroll of acquirement
 19966 | D:13     | Identified the Incunabulum of the Lithosphere
 21057 | D:13     | Found a gate to the Vaults.
 21506 | D:14     | Noticed Snorg
 21513 | D:14     | Killed Snorg
 21643 | D:14     | Reached XP level 15. HP: 123/123 MP: 15/15
 22718 | D:15     | Entered Level 15 of the Dungeon
 23228 | D:15     | Identified the amulet of the Leaf {Regen+ Int-2 Dex+8}
 23298 | D:15     | Found a sparkling altar of Nemelex Xobeh.
 23407 | D:15     | Found a staircase to the Depths.
 23959 | Orc:1    | Entered Level 1 of the Orcish Mines
 24347 | Orc:2    | Entered Level 2 of the Orcish Mines
 24597 | Orc:2    | Found a staircase to the Elven Halls.
 24789 | Orc:2    | Reached skill level 15 in Fighting
 25208 | Orc:2    | Found Xapraynt's Magic Scroll Boutique.
 25222 | Orc:2    | Bought a scroll of fear for 56 gold pieces
 25222 | Orc:2    | Bought a scroll of butterflies for 56 gold pieces
 25222 | Orc:2    | Bought a scroll of teleportation for 42 gold pieces
 25360 | Orc:2    | Found Cerin's Antique Weapon Shop.
 25362 | Orc:2    | Found Anufitzoppo's Weapon Shop.
 25395 | Orc:2    | Found Biovy's General Store.
 25400 | Orc:2    | Bought a condenser vane for 680 gold pieces
 25400 | Orc:2    | Bought 2 potions of might for 136 gold pieces
 25400 | Orc:2    | Bought a scroll of fog for 68 gold pieces
 25400 | Orc:2    | Bought a scroll of fog for 68 gold pieces
 25828 | Swamp:1  | Entered Level 1 of the Swamp
 26050 | Swamp:1  | Noticed a fenstrider witch
 26057 | Swamp:1  | Killed a fenstrider witch
 26468 | Swamp:2  | Noticed Frances
 27173 | Swamp:2  | Killed Frances
 27715 | Swamp:3  | Gained mutation: A demonic guardian rushes to your aid.
                  | [demonic ancestry]
 27715 | Swamp:3  | Reached XP level 16. HP: 139/139 MP: 16/16
 27986 | Swamp:3  | Found a radiant altar of Vehumet.
 28161 | Swamp:4  | Entered Level 4 of the Swamp
 28399 | Swamp:4  | Noticed Bai Suzhen
 28493 | Swamp:4  | Found a frozen archway.
 28520 | IceCv    | Entered an ice cave
 29284 | IceCv    | Noticed an Ice Fiend
 29299 | IceCv    | Killed an Ice Fiend
 29337 | IceCv    | Identified the cursed +0 swamp dragon scales "Adversity of
                  | Ashenzari" {rPois, Evo, Self} (You found it on level 3 of
                  | the Swamp)
 29577 | Swamp:4  | Identified the +3 leather armour "Lefron" {*Slow +Inv
                  | rCorr}
 29649 | Swamp:4  | Killed Bai Suzhen
 29650 | Swamp:4  | Reached skill level 15 in Dodging
 30207 | Swamp:4  | Got a decaying rune of Zot
 30656 | D:6      | Killed coolio's ghost
 30802 | Snake:1  | Entered Level 1 of the Snake Pit
 30897 | Snake:1  | Noticed Mlioglotl
 30940 | Snake:1  | Noticed a tentacled starspawn
 30941 | Snake:1  | Killed Mlioglotl
 31145 | Snake:1  | Noticed Aizul
 31168 | Snake:1  | Killed Aizul
 31169 | Snake:1  | Gained mutation: You have hoof-like feet. [demonic
                  | ancestry]
 31169 | Snake:1  | Reached XP level 17. HP: 93/148 MP: 17/17
 31555 | Snake:1  | Found a runed translucent gate.
 31556 | Snake:1  | Found a runed translucent gate.
 31556 | Snake:1  | Found an opulent altar of Gozag.
 31557 | Snake:1  | Found a runed translucent gate.
 31558 | Snake:1  | Noticed Razfen's ghost (adept GnWn)
 31559 | Snake:1  | Found Cepoefog's Assorted Antiques.
 31645 | Snake:1  | Found Mucuufeh's Antique Armour Emporium.
 31699 | Snake:1  | Noticed Louise
 31718 | Snake:1  | Killed Louise
 31827 | Snake:1  | Noticed Azrael
 31832 | Snake:1  | Killed Azrael
 32732 | Snake:2  | Found a shimmering altar of Xom.
 33140 | Abyss:1  | Cast into level 1 of the Abyss (salamander)
 33225 | Abyss:1  | Found a corrupted altar of Lugonu.
 33258 | Abyss:1  | Found a corrupted altar of Lugonu.
 33610 | Abyss:1  | Reached skill level 10 in Shields
 33675 | Abyss:1  | Found a corrupted altar of Lugonu.
 33680 | Abyss:1  | Found a corrupted altar of Lugonu.
 33709 | Snake:2  | Escaped the Abyss
 34960 | Snake:3  | Identified Roxanne's Directory of Minerals
 34960 | Snake:3  | Noticed Roxanne
 35310 | Snake:3  | Found John Lambton's Dragon-Slaying Spoils.
 35317 | Snake:3  | Bought +2 gold dragon scales for 1932 gold pieces
 35391 | Snake:3  | Reached XP level 18. HP: 118/155 MP: 18/18
 35745 | Snake:4  | Entered Level 4 of the Snake Pit
 35988 | Snake:4  | Identified the Grimoire of Hot Therianthropy
 36163 | Snake:4  | Noticed Vashnia
 36189 | Snake:4  | Killed Vashnia
 36386 | Snake:4  | Noticed Mara
 36494 | Snake:4  | Noticed LordWeiramon's illusion
 36513 | Snake:4  | Killed Mara
 38125 | Snake:4  | Got a serpentine rune of Zot
 38440 | Snake:1  | Killed Razfen's ghost
 38703 | Vaults:1 | Entered Level 1 of the Vaults
 38953 | Vaults:1 | Noticed a tentacled monstrosity
 38963 | Vaults:1 | Killed a tentacled monstrosity
 39071 | Vaults:1 | Identified the ring "Jetir" {rF+ rCorr Str-3 Dex+2 SInv}
 39327 | Vaults:1 | Gained mutation: You have claws for hands. [demonic
                  | ancestry]
 39327 | Vaults:1 | Reached XP level 19. HP: 156/156 MP: 19/19
 39424 | Vaults:1 | Found Igroyzas's Antique Weapon Emporium.
 39961 | Vaults:1 | Identified the Almanac of Torrid Virulence
 40028 | Vaults:1 | Found a portal to a secret trove of treasure.
 41159 | Vaults:2 | Found a staircase to the Crypt.
 41197 | Vaults:2 | Found a runed translucent gate.
 41197 | Vaults:2 | Found a runed translucent gate.
 41197 | Vaults:2 | Found a runed translucent gate.
 41464 | Vaults:2 | Noticed theMacoje's ghost (adept OgHs)
 41596 | Vaults:2 | Reached skill level 15 in Armour
 41971 | Vaults:2 | Identified the +3 quarterstaff of Extermination {heavy,
                  | rCorr Str-4 Int+3}
 42085 | Vaults:2 | Identified the -1 cloak of the Exceptional Falcon {Will+
                  | Dex+4}
 42128 | Vaults:2 | Killed theMacoje's ghost
 42674 | Vaults:3 | Paralysed by a great orb of eyes for 3 turns
 43099 | Vaults:3 | Gained mutation: You have hooves in place of feet. [demonic
                  | ancestry]
 43099 | Vaults:3 | Reached XP level 20. HP: 156/166 MP: 20/20
 43494 | Vaults:3 | Reached skill level 15 in Shields
 44075 | Vaults:4 | Found Kopoceata's Armour Boutique.
 44143 | Vaults:4 | Found a magical portal.
 44148 | WizLab   | Entered The Hall of the Hellbinder
 44305 | WizLab   | Gained mutation: Your system is resistant to poisons.
                  | (rPois) [a cacodemon]
 44362 | WizLab   | Gained mutation: You are occasionally teleported next to
                  | monsters. [a neqoxec]
 44366 | WizLab   | Lost mutation: Your system is resistant to poisons. (rPois)
                  | [potion of mutation]
 44366 | WizLab   | Lost mutation: You are occasionally teleported next to
                  | monsters. [potion of mutation]
 44366 | WizLab   | Gained mutation: You are somewhat resistant to further
                  | mutation. [potion of mutation]
 44816 | WizLab   | Identified the +4 lajatang "Qiemmuah" {vamp, +Blink Str+3}
 44816 | WizLab   | Noticed Zavataipn
 44828 | WizLab   | Killed Zavataipn the Hellbinder
 44830 | WizLab   | Found a burning altar of Makhleb.
 44832 | WizLab   | Identified the ring "Moschays" {rPois rF+ rN++}
 44862 | WizLab   | Identified the ring of Departure {Int+6 Dex+5}
 44863 | WizLab   | Identified Qaddecso's Encyclopedia of the Legion
 44863 | WizLab   | Identified Luroer's Compilation of Oromancy
 46652 | Elf:1    | Entered Level 1 of the Elven Halls
 46660 | Elf:1    | Paralysed by an air elemental for 1 turns
 46854 | Elf:1    | Found Eghoipea's Jewellery Boutique.
 46856 | Elf:1    | Found the +5 demon whip "Spellbinder" {antimagic, disrupt,
                  | Will+}
 46898 | Elf:1    | Noticed Zenata
 46917 | Elf:1    | Killed Zenata
 47048 | Elf:1    | Found a large runed translucent door.
 47048 | Elf:1    | Found a large runed translucent door.
 47049 | Elf:1    | Noticed Qiokh's ghost (veteran MiBe)
 47049 | Elf:1    | Identified the +3 mace of Emaust {vamp, Fly Int-5 SInv}
 47741 | Elf:1    | Gained mutation: You have a sharp stinger which inflicts
                  | weakening toxins. [demonic ancestry]
 47741 | Elf:1    | Reached XP level 21. HP: 172/172 MP: 21/21
 48360 | Elf:2    | Identified the ring of Bare {rF+ rCorr Int+2 Dex+2 SInv}
 48564 | Elf:2    | Found a runed translucent gate.
 48564 | Elf:2    | Found a runed translucent gate.
 48564 | Elf:2    | Found a runed translucent gate.
 49110 | Elf:3    | Entered Level 3 of the Elven Halls
 50213 | Abyss:2  | Cast into level 2 of the Abyss (a ghostly deep elf
                  | demonologist)
 50580 | Elf:3    | Escaped the Abyss
 50824 | Elf:3    | Identified the ring "Bap Copt" {Fly rCorr}
 51061 | Elf:3    | Identified the amulet of Honesty {Acrobat Drain rElec
                  | Will++ Regen+ Dex+2}
 51125 | Elf:3    | Identified the +6 morningstar of Indomitability {spect,
                  | rPois MP-9 Str+6 Int+2}
 51125 | Elf:3    | Identified the +3 leather armour of the Dice {Str+5 Int+4}
 51125 | Elf:3    | Identified the ring of the Ancients {rC+ Int+6}
 51202 | Elf:3    | Identified the staff of air "Meliesuw" {rElec rC+ rN+ MP+9
                  | Dex+4}
 51215 | Elf:3    | Gained mutation: Your presence sometimes corrodes those you
                  | injure. [demonic ancestry]
 51215 | Elf:3    | Reached XP level 22. HP: 159/180 MP: 22/22
 51250 | Elf:3    | Identified the Almanac of Evil
 51282 | Elf:3    | Identified Sif Muna's Vellum of the Hyperbolic Chill
 51283 | Elf:3    | Identified the Codex of the Big Bang
 51285 | Elf:3    | Found the +12 glaive of Prune {freeze, Prune}
 51465 | Elf:1    | Killed Qiokh's ghost
 51889 | Snake:3  | Killed Roxanne
 52164 | Vaults:1 | You paid a toll of 2 scrolls of acquirement to enter a
                  | treasure trove
 52165 | Trove    | Entered a treasure trove
 52216 | Trove    | Identified the amulet of Ruth {Spirit Str+7}
 52259 | Vaults:1 | Gained mutation: Your presence sometimes corrodes or
                  | deforms those you injure. [demonic ancestry]
 52259 | Vaults:1 | Reached XP level 23. HP: 186/186 MP: 23/23
 52413 | Depths:1 | Entered Level 1 of the Depths
 52484 | Depths:1 | Found a gateway to Hell.
 52658 | Depths:1 | Found a stormy altar of Qazlal.
 53623 | Depths:1 | Found Xebruan's Jewellery Shop.
 53623 | Depths:1 | Found Piudo Tecoow's Book Emporium.
 53624 | Depths:1 | Found Waroozit's Jewellery Shop.
 53637 | Depths:1 | Bought the ring of Anatuowu {rElec rF+ rN+++ rCorr Int-2}
                  | for 675 gold pieces
 53637 | Depths:1 | Bought the ring "Yreihol" {+Blink rElec Will++ AC+4} for
                  | 781 gold pieces
 54091 | Depths:1 | Found the +3 crown of Dyrovepreva {rElec Int+2 SInv}
 54302 | Depths:2 | Found a flickering gateway to a bazaar.
 54333 | Bazaar   | Entered a bazaar
 54333 | Bazaar   | Found Lionewaf's Antique Weapon Shoppe.
 54333 | Bazaar   | Found Tilal's Weapon Emporium.
 54335 | Bazaar   | Found Miaw's General Store.
 54351 | Bazaar   | Found Neitwunu's Distillery.
 54359 | Bazaar   | Bought a potion of mutation for 112 gold pieces
 54359 | Bazaar   | Bought a potion of curing for 42 gold pieces
 54373 | Bazaar   | Bought a scroll of teleportation for 27 gold pieces
 54373 | Bazaar   | Bought a potion of berserk rage for 45 gold pieces
 54373 | Bazaar   | Bought a potion of ambrosia for 72 gold pieces
 54389 | Bazaar   | Bought a potion of berserk rage for 70 gold pieces
 54389 | Bazaar   | Bought a potion of berserk rage for 70 gold pieces
 54666 | Depths:2 | Noticed a dread lich
 54711 | Depths:2 | Killed a dread lich
 54712 | Depths:2 | Found a one-way gateway to a ziggurat.
 55307 | Depths:2 | Found a one-way gate leading to the halls of Pandemonium.
 55367 | Depths:2 | Found Zebbic's Antique Weapon Shop.
 55431 | Depths:2 | Found a one-way gate to the infinite horrors of the Abyss.
 55923 | Depths:3 | Found a large runed translucent door.
 55923 | Depths:3 | Found a large runed translucent door.
 55926 | Depths:3 | Noticed a royal mummy
 55926 | Depths:3 | Noticed a royal mummy
 56186 | Depths:3 | Noticed Xtahua
 56197 | Depths:3 | Killed Xtahua
 56448 | Depths:3 | Identified the +9 demon whip "Sora" {vamp, rN+}
 57025 | Depths:3 | Killed a royal mummy
 57189 | Depths:3 | Gained mutation: A powerful demonic guardian rushes to your
                  | aid. [demonic ancestry]
 57189 | Depths:3 | Reached XP level 24. HP: 108/193 MP: 23/23
 57599 | Depths:3 | Noticed a shard shrike
 57605 | Depths:3 | Killed a shard shrike
 57888 | Depths:3 | Noticed a shard shrike
 57888 | Depths:3 | Identified the +4 spear of Gluttony {elec, Drain rN+++
                  | Will++ Str-2}
 57993 | Depths:3 | Killed a shard shrike
 57997 | Depths:3 | Identified the +7 falchion of Governance {heavy, rElec}
 58017 | Depths:3 | Killed a royal mummy
 58038 | Depths:3 | Identified the staff of conjuration "Faefum" {Str+2}
 58130 | Depths:4 | Entered Level 4 of the Depths
 58874 | Depths:4 | Found a gate to the Realm of Zot.
 58981 | Depths:4 | Reached ***** piety under Ashenzari
 59435 | Vaults:5 | Entered Level 5 of the Vaults
 59471 | Vaults:5 | Noticed a dread lich
 59623 | Vaults:4 | Killed a dread lich
 59999 | Vaults:5 | Identified the +3 falchion of Earthquakes {elec, Int-2
                  | Dex+3 SInv}
 60000 | Vaults:5 | Identified the staff of death "Keumas" {*Slow rN+ Will-
                  | Str+3 Dex+7}
 60001 | Vaults:5 | Identified the +3 long sword of Terra Cotta {freeze, SInv}
 60359 | Vaults:5 | Identified the Compilation of Galvanic Portals
 60389 | Vaults:5 | Reached XP level 25. HP: 187/219 MP: 23/23
 60431 | Vaults:5 | Identified Sif Muna's Opusculum on the Welkin
 60622 | Vaults:5 | Identified the +0 ring mail "Araiss Zegy" {rElec rC-
                  | Will+++ Int-2}
 60873 | Vaults:5 | Got a silver rune of Zot
 61224 | Vaults:5 | Identified the +1 leather armour of the Beginning {SInv}
 61315 | Vaults:5 | Identified the staff of death "Udisiaxief" {rC+ rN+}
 61316 | Vaults:5 | Identified the staff of fire "Nioret" {rF+ rN+ MP+9 Dex+3}
 61317 | Vaults:5 | Identified the +5 ring mail of the Trilobite {Fly rF++ rC+
                  | Str+3}
 61784 | Zot:1    | Entered Level 1 of the Realm of Zot
 62030 | Zot:1    | Noticed an orb of fire
 62049 | Zot:1    | Killed an orb of fire
 62960 | Zot:2    | Noticed an orb of fire
 62976 | Zot:2    | Killed an orb of fire
 63939 | Zot:3    | Gained mutation: Spells you cast and wands you use may
                  | paralyse nearby enemies. [demonic ancestry]
 63939 | Zot:3    | Reached XP level 26. HP: 238/240 MP: 23/23
 65061 | Zot:4    | Noticed an orb of fire
 65512 | Zot:4    | Killed an orb of fire
 66458 | Zot:5    | Entered Level 5 of the Realm of Zot
 66459 | Zot:5    | Acquired 434 gold pieces
 66925 | Zot:5    | Noticed an ancient lich
 66930 | Zot:5    | Killed an ancient lich
 67019 | Zot:5    | Noticed an ancient lich
 67024 | Zot:5    | Noticed an orb of fire
 67026 | Zot:5    | Killed an ancient lich
 67029 | Zot:5    | Noticed an orb of fire
 67035 | Zot:5    | Gained mutation: You are frail. (-10% HP) [an orb of fire]
 67037 | Zot:5    | Gained mutation: You are vulnerable to cold. (rC-) [an orb
                  | of fire]
 67040 | Zot:5    | Killed an orb of fire
 67061 | Zot:5    | Killed an orb of fire
 67385 | Zot:5    | Gained mutation: You can speak a Word of Chaos. [demonic
                  | ancestry]
 67385 | Zot:5    | Reached XP level 27. HP: 209/224 MP: 23/23
 67424 | Zot:5    | Noticed an orb of fire
 67437 | Zot:5    | Noticed an ancient lich
 67447 | Zot:5    | Noticed an orb of fire
 67455 | Zot:5    | Killed an orb of fire
 67462 | Zot:5    | Killed an orb of fire
 67473 | Zot:5    | Killed an ancient lich
 68120 | Zot:5    | Lost mutation: You are somewhat resistant to further
                  | mutation. [potion of mutation]
 68120 | Zot:5    | Lost mutation: You are frail. (-10% HP) [potion of
                  | mutation]
 68120 | Zot:5    | Gained mutation: Your magical capacity is low. (-10% MP)
                  | [potion of mutation]
 68120 | Zot:5    | Gained mutation: You are strong-willed. (Will+) [potion of
                  | mutation]
 68120 | Zot:5    | Gained mutation: Your movements are slightly less
                  | encumbered by armour. (ER -2) [potion of mutation]
 68121 | Zot:5    | Lost mutation: Your movements are slightly less encumbered
                  | by armour. (ER -2) [potion of mutation]
 68121 | Zot:5    | Lost mutation: Your magical capacity is low. (-10% MP)
                  | [potion of mutation]
 68121 | Zot:5    | Gained mutation: You have very sharp teeth. [potion of
                  | mutation]
 68122 | Zot:5    | Lost mutation: You are strong-willed. (Will+) [potion of
                  | mutation]
 68122 | Zot:5    | Lost mutation: You are vulnerable to cold. (rC-) [potion of
                  | mutation]
 68122 | Zot:5    | Lost mutation: You have very sharp teeth. [potion of
                  | mutation]
 68122 | Zot:5    | Gained mutation: You occasionally lose the ability to read
                  | scrolls when taking damage. [potion of mutation]
 68122 | Zot:5    | Gained mutation: Your muscles are strong. (Str +4, Int/Dex
                  | -1) [potion of mutation]
 68122 | Zot:5    | Gained mutation: Your mind is acute. (Int +4, Str/Dex -1)
                  | [potion of mutation]
 68138 | Zot:5    | Got the Orb of Zot
 68563 | D:5      | Noticed Maociv the pandemonium lord
 68634 | D:$      | Escaped with the Orb!

Illustrated notes

Levels and vault maps discovered:
D:1:      dpeg_arrival_subterranean_lakeside_camping, layout_basic,
          hellmonk_ecumenical_altar_lost_god
D:2:      layout_loops_ring, kennysheep_generic_room_13
D:3:      layout_loops_ring, pf_guarded_unrand_woodcutter
D:4:      cheibrodos_thug_alley, layout_loops_ring, minmay_divided_ellipse
D:5:      layout_basic, minivault_19
D:6:      layout_cave_pods, ebering_ghost_xom, uniq_pikel
D:7:      layout_basic, mainiacjoe_overflow_small_starburst,
          minmay_temple_entry_statues_fountains, uniq_menkaure
D:8:      layout_rooms, nicolae_dithmenos_the_darkroom
D:9:      layout_roguey, uniq_joseph
D:10:     layout_gridville, erik_lair_orcish_takeover, minmay_misc_feat_rugged
D:11:     layout_rooms, kennysheep_path_1, tso_altar
D:12:     layout_small_grid, david_orc_4, hangedman_ranch, uniq_rupert,
          uniq_nessos, uniq_fannar
D:13:     layout_irregular_city, grunt_vaults_entry_tiered, serial_rivers,
          chequers_serial_rivers_room_b, chequers_serial_rivers_marsh,
          chequers_serial_rivers_room_b, chequers_serial_rivers_marsh,
          chequers_serial_rivers_small_b, chequers_serial_rivers_small_b,
          drop_trap
D:14:     layout_grid_maze, minmay_fountain_box, minmay_unpleasant_kobolds,
          uniq_snorg
D:15:     grunt_enter_depths_hoard, layout_basic, nemelex_lonely_heart_becter
Temple:   nicolae_temple_slightly_damp_pantheon
Lair:1:   layout_chaotic_city, infiniplex_staircase_pool, lemuel_fruit_fields,
          serial_bayou_shore_b
Lair:2:   layout_roguey, minmay_swamp_entry_eels, guppyfry_snake_entry_garden,
          minivault_23
Lair:3:   layout_gridlike, lemuel_fruit_fields, grunt_megastairs_4, uniq_sonja
Lair:4:   layout_hall_layers, slime_entry_1, serial_bayou_shore_a,
          lemuel_fruit_fields
Lair:5:   hangedman_lair_tendril_chambers, layout_hall_layers,
          serial_bayou_shore_b
Swamp:1:  layout_basic_swamp, evilmike_swamp_ruin_house_6
Swamp:2:  layout_basic_swamp, hangedman_swamp_ruin_wall, uniq_frances
Swamp:3:  layout_falls_marsh, basic_altar, swamp_pool5
Swamp:4:  swamp_vile, layout_basic_swamp, portal_ice_cave_entry_dragon,
          infiniplex_staircase_pool_2, uniq_bai_suzhen
Snake:1:  layout_chambers, serial_shops, shop, ebering_ghost_gozag,
          uniq_mlioglotl, uniq_louise, uniq_azrael, uniq_aizul
Snake:2:  layout_onion_interference, basic_altar, serial_bayou_pond_c,
          nicolae_large_snake_swirl, grunt_megastairs_2
Snake:3:  layout_cave_town, nicolae_shop_dragon_depot, uniq_roxanne
Snake:4:  minmay_snake_end_coiled, layout_onion, basic_altar,
          nicolae_coiled_stairwell_up, lemuel_fruit_tree, uniq_vashnia,
          uniq_mara
Orc:1:    nicolae_orc_accident_3, layout_caves
Orc:2:    hellmonk_orc_salted, layout_caves, basic_altar
Elf:1:    nicolae_elf_arrival_aired_out, layout_onion_city,
          ebering_ghost_disaster_area, serial_shops, nicolae_shop_behind_doors,
          hangedman_elven_crosses_minicolossus, eino_tiny_chamber, uniq_zenata
Elf:2:    nicolae_elf_blades_splatter_lattice [mumra_blade_entry_dagger],
          layout_loops_ring
Elf:3:    minmay_elf_hall_four_x, layout_geoelf_castle, serial_co_window_serial,
          co_window_of_opportunity_a, co_window_paths_a, co_window_paths_b,
          co_window_paths_a, co_window_paths_b, co_window_paths_a,
          co_window_paths_b, co_window_of_opportunity_c,
          co_window_of_opportunity_b, glass_columns_b, glass_columns_c,
          glass_columns_c
Vaults:1: nicolae_vaults_shelves_hall, v_misc_27, vaults_room_large_hall,
          vaults_dpeg_diagonal, v_misc_1, nicolae_vaults_rhombus_6,
          nicolae_vaults_shipping_containers_1, nicolae_vaults_surprise_closet,
          nicolae_vaults_network_periphery, nicolae_vaults_ninety_degrees,
          nicolae_vaults_wrenched, nicolae_vaults_back_hallway, v_misc_19,
          nicolae_vaults_little_squares_5, nicolae_vaults_little_ls,
          nicolae_vaults_asterisk, v_alt_pattern_3, layout_vaults_maze,
          serial_shops, nicolae_shop_peninsula, enter_trove_3
Vaults:2: gammafunk_ghost_tricky_traps, nicolae_vaults_puzzle_piece, v_rooms_6,
          grunt_vaults_focal, vaults_dpeg_encased_lava,
          nicolae_vaults_storage_closets_3, v_misc_25, nicolae_vaults_mitosis,
          nicolae_vaults_little_squares_2, ontoclasm_vaults_twist,
          vaults_room_pools, vaults_mumra_hex, nicolae_vaults_closet_pinwheel_4,
          nicolae_vaults_surprise_closet_hard, layout_vaults_ring
Vaults:3: v_misc_25, nicolae_vaults_wine_cellar, ontoclasm_vaults_ring_small,
          v_misc_15, vaults_standard_mumra_lines, nicolae_vaults_apartment_2,
          v_alt_pattern_6, v_alt_pattern_1, nicolae_vaults_rhombus_5,
          nicolae_vaults_closet_pinwheel_6, v_misc_27,
          nicolae_vaults_what_the_h, nicolae_vaults_tetromino_L_2,
          grunt_vaults_hallway_short, layout_vaults_omnicross
Vaults:4: mu_enter_wizlab_1, ontoclasm_vaults_tryst, v_pattern_5,
          nicolae_vaults_network_star, nicolae_vaults_border_crossing,
          v_misc_19, nicolae_vaults_turnstiles, vaults_mumra_hexcomb,
          nicolae_vaults_sesquioval_fish, v_misc_8, layout_vaults_omnigrid,
          serial_shops, shop
Vaults:5: serial_shops
Depths:1: layout_gridlike, hell_entry, nicolae_qazlal_scattered_showers,
          grunt_decor_one_mirror, minmay_guarded_unrand_dyrovepreva,
          minmay_shop_grove, serial_bayou_shore_b, serial_bayou_shore_b
Depths:2: minmay_tri_box, layout_basic, enter_ziggurat_d, abyss_entry,
          serial_shops, bzr_entry_dummy, nicolae_lakefront_shop, hell_entry,
          grunt_pan_entry_sceptre, minmay_misc_feat_doors,
          infiniplex_staircase_pillars_1
Depths:3: lightli_eight_chambers, layout_cave_shapes, hellmouth_1,
          nicolae_benzene_ring, abyss_entry, infiniplex_staircase_trident,
          uniq_xtahua
Depths:4: grunt_twist_and_shout, layout_cave_pools, grunt_hell_entry_dis_mu,
          grunt_pan_entry_spiral, nicolae_titane
Zot:1:    layout_basic, st_stairs_9
Zot:2:    hangedman_snap_crack_crunch, layout_onion_interference
Zot:3:    layout_gridlike
Zot:4:    layout_cathedral_of_symmetry
Zot:5:    layout_twisted_circle

Skill      XL: |  1  2  3  4  5  6  7  8  9 10 11 12 13 14 15 16 17 18 19 20 21 22 23 24 25 26 27 |
---------------+----------------------------------------------------------------------------------+-----
Polearms       | 3 4 5 |  5.5
Fighting       | 3 5 6 10 13 15 19 24 | 24.3
Armour         | 1 5 7 10 12 15 19 21 | 21.3
Evocations     | 3 5 6 |  6.1
Dodging        | 5 10 12 15 | 15.0
Unarmed Combat | 8 11 12 15 16 18 20 23 24 | 24.1
Shields        | 3 5 12 13 14 15 18 19 | 19.0
Throwing       | |  1.7

Action                     |  1- 3 |  4- 6 |  7- 9 | 10-12 | 13-15 | 16-18 | 19-21 | 22-24 | 25-27 || total
---------------------------+-------+-------+-------+-------+-------+-------+-------+-------+-------++-------
  Melee: Trident           |   145 |    35 |       |       |       |       |       |       |       ||   180
         Punch             |     2 |       |       |    15 |       |       |       |       |       ||    17
         Battleaxe         |       |    50 |   278 |   172 |       |       |       |       |       ||   500
         Kick              |       |     8 |    84 |    63 |       |       |   491 |   611 |   595 ||  1852
         Unarmed           |       |       |       |   577 |  1484 |  1854 |  1796 |  1217 |  1212 ||  8140
         Tailslap          |       |       |       |   118 |   301 |   421 |   381 |   301 |   305 ||  1827
  Throw: Throwing net      |     2 |       |       |       |       |       |       |       |       ||     2
         Javelin           |     1 |       |     2 |       |       |       |       |       |       ||     3
         Dart              |       |     8 |     6 |    38 |    28 |     2 |     4 |     1 |       ||    87
         Boomerang         |       |       |     4 |    12 |       |       |       |       |       ||    16
 Invoke: Curse Item        |       |       |     1 |     6 |     1 |     2 |     1 |     3 |     1 ||    15
         Shatter the Chain |       |       |       |       |     1 |     3 |     1 |     3 |       ||     8
  Evoke: Wand              |       |     2 |     9 |    11 |     7 |    18 |     1 |     5 |       ||    53
         Lightning rod     |       |       |       |       |     4 |     3 |       |       |       ||     7
         Phial of floods   |       |       |       |       |     1 |       |     1 |       |       ||     2
         Box of beasts     |       |       |       |       |       |     1 |       |       |       ||     1
         Phantom mirror    |       |       |       |       |       |       |     1 |       |       ||     1
         Condenser vane    |       |       |       |       |       |       |     1 |       |       ||     1
    Use: Potion            |     2 |       |     2 |     2 |     7 |    25 |     4 |     2 |    15 ||    59
         Scroll            |     4 |     2 |     4 |     2 |     7 |    13 |     4 |     5 |     9 ||    50
   Stab: Sleeping          |     1 |       |       |       |       |       |       |       |       ||     1
         Distracted        |       |       |     1 |       |     3 |     2 |    12 |     3 |     3 ||    24
         Paralysed         |       |       |       |       |     5 |     8 |       |       |       ||    13
         Invisible         |       |       |       |       |       |     2 |       |       |       ||     2
         Confused          |       |       |       |       |       |     1 |       |       |     4 ||     5
 Armour: Leather armour    |    22 |       |       |       |       |       |       |       |       ||    22
         Chain mail        |    24 |    40 |   104 |    43 |       |       |       |       |       ||   211
         Ring mail         |       |       |       |   113 |   244 |     3 |       |       |       ||   360
         Swamp dragon scal |       |       |       |       |       |   124 |       |       |       ||   124
         Skin              |       |       |       |       |       |     2 |       |       |       ||     2
         Gold dragon scale |       |       |       |       |       |   155 |   320 |   287 |   341 ||  1103
  Dodge: Dodged            |    58 |    20 |   115 |   434 |   820 |   971 |   426 |   249 |   223 ||  3316
  Block: Buckler           |       |       |       |    83 |   325 |   158 |       |       |       ||   566
         Tower shield      |       |       |       |       |       |  1068 |  1182 |   852 |   756 ||  3858
